cohdb
Replays
Latest Replays
All Replays
Popular Replays
Top Player Replays
Match Explorer
How It Works
Community
CoH3 Stats
Reddit
Sign in to upload your games and track your stats! →
Sign in with Steam
Match 38940335
Unlisted
Match 38940335
Overview
Messages
Build Orders
End
Construct Infanterie Kompanie
MG 42 Machine Gun Team
Kettenkrad Recon Vehicle
Grenadier Squad
Grenadier Squad
Construct Panzergrenadier Kompanie
GrW 34 Mortar Team
Panzergrenadier Squad
Panzergrenadier Squad
Medical Station
Selects Mechanized Battlegroup
Selects Raid Package
Pak 40 Anti-tank Gun Team
Panzergrenadier Squad
Panzergrenadier Officer Quarters
Selects 8 Rad Armored Car
Selects UNKNOWN (2160084)
Construct Panzer Kompanie
Panther Heavy Tank
Selects Spotting Scopes
Selects Wespe Self-propelled Artillery
Damuk
yigayi
WadoVice
supercondition
0
0
Comments
sign in to comment!
No comments posted yet!